AoeStats
← Beardsley McTurbanhead

Fortress

509050400Analyzed
2v2 RM · 7d ago on Sep 25, 2026· 52m 13s· 4 players
Game mode
Random Map
Map size
Normal (6 player)
Population
200
Speed
Normal
Resources
Standard
Victory
Conquest
Starting age
Dark Age
Ending age
Imperial Age
RankedLock teamsTeams togetherTeam positionsShared explorationLock speedFull tech treeHidden civsTurbo modeCheats
Victory
Defeat
🇦🇺 Mongols · Australia
749
+15
🇮🇳 Franks · India
711
+17
🇺🇸 Sicilians · United States
726
-16
🇨🇳 Byzantines · China
720
-16
Hannibal
1:00 Loom
7:04 Feudal Age
9:14 Horse Collar
15:44 Castle Age
19:08 Squires
18:54 Arson
19:33 Town Watch
20:41 Pikeman
22:42 Fletching
25:25 Wheelbarrow
26:24 Heavy Plow
27:47 Forging
29:42 Bodkin Arrow
33:36 Imperial Age
33:12 Hand Cart
33:42 Masonry
38:04 First Crusade
Lil 6ix9inegod
7:04 Feudal Age
14:28 Castle Age
12:32 Double-Bit Axe
13:02 Horse Collar
14:25 Wheelbarrow
13:47 Stone Mining
14:17 Forging
15:40 Husbandry
15:52 Squires
17:16 Iron Casting
19:01 Bow Saw
20:36 Hand Cart
20:25 Heavy Plow
20:48 Gambesons
21:05 Loom
21:29 Fletching
23:28 Scale Mail Armor
23:36 Gold Mining
23:59 Arson
24:33 Chain Mail Armor
23:51 Light Cavalry
24:53 Treadmill Crane
26:18 Murder Holes
30:39 Imperial Age
29:05 Scale Barding Armor
29:39 Ballistics
31:58 Plate Mail Armor
32:26 Conscription
31:38 Elite Varangian Guard
33:40 Thumb Ring
32:57 Elite Skirmisher
35:08 Chemistry
35:39 Two-Man Saw
34:48 Padded Archer Armor
36:59 Chain Barding Armor
36:56 Logistica
42:06 Bodkin Arrow
42:27 Leather Archer Armor
42:27 Fortified Wall
42:50 Hussar
43:26 Elite Cataphract
Beardsley McTurbanhead
4:04 Loom
8:15 Feudal Age
8:43 Horse Collar
8:50 Double-Bit Axe
14:37 Castle Age
15:44 Bow Saw
15:35 Heavy Plow
16:13 Wheelbarrow
16:08 Gold Mining
16:08 Stone Mining
16:47 Town Watch
18:31 Stone Mining
21:25 Scale Barding Armor
21:31 Forging
21:18 Fletching
25:07 Husbandry
26:17 Bloodlines
26:48 Gold Shaft Mining
26:48 Stone Shaft Mining
26:04 Light Cavalry
28:21 Ballistics
31:04 Imperial Age
30:26 Chain Barding Armor
30:42 Iron Casting
31:28 Capped Ram
33:29 Chemistry
32:26 Elite Steppe Lancer
36:10 Blast Furnace
36:03 Conscription
37:17 Siege Engineers
36:34 Siege Ram
38:36 Drill
38:19 Scale Mail Armor
38:15 Bodkin Arrow
42:05 Caravan
46:20 Bracer
46:20 Padded Archer Armor
47:57 Coinage
49:28 Banking
49:14 Hussar
neville_longbottom
7:32 Feudal Age
9:23 Double-Bit Axe
22:02 Castle Age
22:30 Pikeman
24:33 Bow Saw
24:53 Forging
27:00 Stone Mining
27:00 Gold Mining
35:19 Imperial Age
34:24 Ballistics
35:18 Fortified Wall
35:04 Murder Holes
35:27 Cavalier
38:35 Chemistry
38:42 Husbandry
38:38 Halberdier
41:51 Arson
42:07 Squires
41:53 Gambesons
42:15 Scale Barding Armor
42:11 Scale Mail Armor
43:22 Onager
Connection lost

Rejoining the realm…

Still unreachable

The connection could not be restored.

Session expired

The server has moved on; the page needs a fresh start.